 Dungeon Crawl Stone Soup version 0.19-a0-1168-g98094fc (webtiles) character file.

2522 AlphabetPasta the Geomancer (level 9, -5/74 HPs)
             Began as a Troll Earth Elementalist on Aug 16, 2016.
             Was a Follower of Vehumet.
             Slain by a gnoll sergeant
             ... wielding a +7 spear of venom
              (11 damage)
             ... on level 6 of the Dungeon.
             The game lasted 00:36:23 (6078 turns).

AlphabetPasta the Geomancer (TrEE)                  Turns: 6078, Time: 00:36:24

Health: -5/74      AC:  5    Str: 18    XL:     9   Next: 29%
Magic:  14/14      EV: 13    Int: 14    God:    Vehumet [*.....]
Gold:   399        SH:  0    Dex: 10    Spells: 5 memorised, 1 level left

rFire  . . .     SeeInvis +       - Unarmed
rCold  . . .     Gourm    +     i - +0 robe (curse)
rNeg   . . .     Faith    .     (no shield)
rPois  .         Spirit   .     (helmet restricted)
rElec  .         Dismiss  .     (no cloak)
rCorr  .         Reflect  .     (gloves unavailable)
MR     .....     Harm     .     (boots unavailable)
Stlth  +.........               (no amulet)
                                p - ring of see invisible
                                A - +3 ring of evasion

@: lethally poisoned (-5 -> -6)
A: unfitting armour, claws 3, fast metabolism 3, gourmand, regeneration 2,
shaggy fur 1, tough skin 2
a: Renounce Religion


You were on level 6 of the Dungeon.
You worshipped Vehumet.
Vehumet was aware of your devotion.
You were completely stuffed.

You visited 2 branches of the dungeon, and saw 8 of its levels.
You also visited: Ossuary.

You collected 399 gold pieces.

Inventory:

Hand Weapons
 x - a +1 whip of electrocution
Missiles
 b - 174 stones (quivered)
 B - 5 poisoned tomahawks
Armour
 c - a +1 robe
 i - a cursed +0 robe (worn)
Magical Staves
 J - an uncursed staff of summoning {unknown}
Jewellery
 o - an uncursed ring of protection from fire
 p - a ring of see invisible (right claw)
 A - a +3 ring of evasion (left claw)
 E - an uncursed ring of positive energy
Wands
 s - a wand of digging (11/24)
 v - a wand of flame (1/48)
 I - a wand of acid (4/15)
Scrolls
 k - 3 scrolls of amnesia
 m - 2 scrolls of enchant armour
 y - 2 scrolls of fog
 z - 2 scrolls of remove curse
 G - 3 scrolls of teleportation
Potions
 a - 7 potions of curing
 g - 5 potions of heal wounds
 h - a potion of cure mutation
 l - 2 potions of brilliance
 n - a potion of flight
 q - 4 potions of agility
 t - a potion of haste
 u - a potion of invisibility
 w - a potion of berserk rage
 C - a potion of ambrosia {unknown}
 D - a potion of cancellation {unknown}
 F - a potion of degeneration {unknown}
Books
 e - a book of Geomancy

   Spells                             Type                      Level
   a - Sandblast                      Earth                        1
   b - Passwall                       Transmutation/Earth          2
   c - Stone Arrow                    Conjuration/Earth            3
   d - Petrify                        Transmutation/Earth          4
   e - Lee's Rapid Deconstruction     Earth                        5
Comestibles
 d - 7 bread rations
 f - 3 beef jerkies
 j - 3 meat rations
 r - a royal jelly
 H - a chunk of flesh


   Skills:
 + Level 1.9 Dodging
 - Level 1.1 Stealth
 - Level 5.8 Unarmed Combat
 + Level 4.0 Spellcasting
 - Level 0.6 Transmutations
 * Level 8.9 Earth Magic


You had one spell level left.
You knew the following spells:

 Your Spells              Type           Power        Failure   Level  Hunger
a - Sandblast             Erth           ####..       1%          1    None
b - Passwall              Tmut/Erth      ###.......   4%          2    ##.....
c - Stone Arrow           Conj/Erth      ###...       12%         3    ###....
d - Petrify               Tmut/Erth      ###.....     30%         4    ####...
e - Lee's Rapid Deconstr  Erth           ####......   17%         5    ######.


Dungeon Overview and Level Annotations

Branches:
Dungeon (7/15)             Temple (1/1) D:4

Altars:
Ashenzari
Cheibriados
Dithmenos
Elyvilon
Fedhas
Gozag
Hepliaklqana
Kikubaaqudgha
Makhleb
Nemelex Xobeh
Okawaru
Pakellas
Qazlal
Ru
Sif Muna
Trog
Uskayaw
Vehumet
Xom
Yredelemnul
Zin
The Shining One


Innate Abilities, Weirdness & Mutations

You are too large for most types of armour.
You have claws for hands.
Your metabolism is lightning-fast.
You like to eat raw meat.
You heal very quickly.
You are covered in fur. (AC +1)
You have very tough skin. (AC +2)


Message History

* * * LOW HITPOINT WARNING * * *
You feel sick.
You feel sick.
You feel sick.
You feel sick.
You feel sick.
You feel sick.
You feel sick.
You feel sick.
You feel sick.
You feel sick.
You feel sick.
You feel sick.
You feel sick.
There is an open door here.
You feel sick.
You feel sick.
There is a stone staircase leading up here.
The gnoll sergeant hits you from afar with a spear of venom!
You die...

#......######......# #......#
#......#....#......# #......#
#......#....#......# #......#
#......#....#:.....# #......#
#......#....'......# #......#
#......######......####......#
#....###...#######...........#
#....#...........#...........#
#....'.........@.g>..........#
##....##....#######gg.........#
.#.....#....##......###########
.#.....#.....#......#
.'.....#.....#..gg..#
.#.....#.....#......#
##....)##..###......###########
####....####......##..#..#....#
#..#....#..#......'......'....#


You could see a gnoll sergeant and 2 gnolls.

Vanquished Creatures
  Sigmund (D:2)
  Menkaure (D:7)
  A water moccasin (D:5)
  2 orc warriors (D:6)
  A phantom (D:4)
  An ogre (D:4)
  2 centaurs
  A giant frog (D:6)
  A wyvern zombie (D:6)
  2 scorpions
  3 crimson imps
  A giant frog zombie (Ossuary)
  2 centaur zombies
  2 giant frog skeletons (D:6)
  3 hounds
  2 gnoll shamans (D:4)
  2 orc priests (D:6)
  2 iguanas
  4 orc wizards
  A worker ant (D:4)
  A killer bee zombie (Ossuary)
  3 hound zombies (Ossuary)
  15 mummies (Ossuary)
  A howler monkey zombie (Ossuary)
  A worker ant zombie (Ossuary)
  11 gnolls
  A howler monkey skeleton (D:4)
  11 adders
  2 shadow imps
  An ooze (D:3)
  An adder zombie (Ossuary)
  4 worms
  A dart slug (D:2)
  6 giant geckos
  26 orcs
  4 bats
  4 giant cockroaches
  9 hobgoblins
  2 jackals (D:3)
  3 quokkas
  A ball python (D:5)
  A giant gecko skeleton (D:4)
  2 giant gecko zombies (Ossuary)
  5 giant newts
  15 goblins
  A jackal skeleton (D:5)
  A jackal zombie (Ossuary)
  10 kobolds
  3 quokka zombies (Ossuary)
  9 rats
190 creatures vanquished.

Vanquished Creatures (others)
  3 withered plants (Ossuary)
3 creatures vanquished.

Grand Total: 193 creatures vanquished

Notes
Turn   | Place    | Note
-------+----------+-------------------------------------------
     0 | D:1      | AlphabetPasta the Troll Earth Elementalist began the quest for the Orb.
     0 | D:1      | Reached XP level 1. HP: 16/16 MP: 1/1
   107 | D:1      | Reached skill level 3 in Earth Magic
   137 | D:1      | Reached XP level 2. HP: 24/24 MP: 0/3
   218 | D:1      | Learned a level 2 spell: Passwall
   539 | D:2      | Reached XP level 3. HP: 28/31 MP: 4/4
   557 | D:2      | Noticed Sigmund
   762 | D:2      | Reached skill level 1 in Unarmed Combat
  1044 | D:3      | Reached XP level 4. HP: 37/39 MP: 5/5
  1055 | D:3      | Learned a level 3 spell: Stone Arrow
  1410 | D:3      | Reached skill level 4 in Earth Magic
  1606 | D:3      | Reached XP level 5. HP: 38/45 MP: 2/7
  1960 | D:4      | Noticed a centaur
  1986 | D:4      | Killed a centaur
  2007 | D:4      | Reached XP level 6. HP: 45/53 MP: 0/8
  2149 | D:4      | Reached skill level 5 in Earth Magic
  2392 | D:4      | Found a sand-covered staircase.
  2398 | Ossuary  | Entered an ossuary
  2459 | Ossuary  | Reached XP level 7. HP: 46/59 MP: 3/9
  2577 | Ossuary  | Reached skill level 6 in Earth Magic
  2882 | D:4      | Learned a level 3 spell: Stone Arrow
  2887 | D:4      | Learned a level 4 spell: Petrify
  3390 | D:4      | Reached XP level 8. HP: 63/67 MP: 11/11
  3480 | D:4      | Found a sacrificial altar of Ru.
  3480 | D:4      | Found a glowing silver altar of Zin.
  3633 | D:4      | Found a staircase to the Ecumenical Temple.
  3639 | Temple   | Entered the Ecumenical Temple
  3646 | Temple   | Became a worshipper of Vehumet
  3839 | D:4      | Reached skill level 7 in Earth Magic
  3971 | D:2      | Killed Sigmund
  4105 | D:5      | Entered Level 5 of the Dungeon
  4181 | D:5      | Found a blossoming altar of Fedhas.
  4280 | D:5      | Reached skill level 5 in Unarmed Combat
  4333 | D:5      | Found an opulent altar of Gozag.
  4443 | D:5      | Found a hazy altar of Hepliaklqana.
  4726 | D:5      | Reached skill level 8 in Earth Magic
  5251 | D:6      | Reached XP level 9. HP: 70/74 MP: 13/13
  5258 | D:6      | Learned a level 5 spell: Lee's Rapid Deconstruction
  5262 | D:6      | Found a glowing golden altar of the Shining One.
  5366 | D:6      | Reached * piety under Vehumet
  5366 | D:6      | Offered knowledge of Freeze by Vehumet.
  5937 | D:7      | Found a blossoming altar of Fedhas.
  5968 | D:7      | Noticed Menkaure
  5983 | D:7      | Killed Menkaure
  6078 | D:6      | Slain by a gnoll sergeant

Vault maps used:
D:1:      dpeg_arrival_rooms_a
D:2:      kennysheep_six_static_rooms, uniq_terence, uniq_sigmund
D:4:      wad_river_or_something, gammafunk_temple_overflow_pools,
          nicolae_ossuary_entry_monument, minmay_ogre_servants
D:5:      lemuel_doored_altar, basic_altar, first_bread,
          fedhas_bush_and_centaur_altar
D:6:      tso_altar
D:7:      basic_altar, grunt_livestock, kennysheep_boxes, uniq_menkaure
Temple:   compressed_dpeg_circular_temple
Ossuary:  ossuary_zaba_flooded

Skill      XL: |  1  2  3  4  5  6  7  8  9 |
---------------+----------------------------+-----
Earth Magic    | 3 4 5 6 8 |  8.9
Unarmed Combat | 1 2 3 4 5 |  5.8
Spellcasting   | 2 3 4 |  4.0
Dodging        | |  1.9
Stealth        | |  1.1
Transmutations | |  0.6

Action                   |  1- 3 |  4- 6 |  7- 9 || total
-------------------------+-------+-------+-------++-------
Melee: Unarmed           |   129 |   159 |   326 ||   614
       Punch             |       |     1 |     7 ||     8
 Cast: Sandblast         |     9 |    40 |    50 ||    99
Evoke: Wand              |       |       |     3 ||     3
  Use: Scroll            |       |     9 |    11 ||    20
       Potion            |       |     1 |     5 ||     6
 Stab: Sleeping          |       |     1 |     1 ||     2
       Distracted        |       |       |     1 ||     1
  Eat: Chunk             |    16 |    11 |    37 ||    64
Armor: Robe              |    37 |    39 |    71 ||   147
Dodge: Dodged            |    56 |    69 |   121 ||   246
